 Dungeon Crawl Stone Soup version 0.26-a0-540-g8a0c9464d7 (webtiles) character file.

Game seed: 1091099914144372237

183 Fingolfin the Sneak (level 5, 0/41 HPs)
             Began as a Formicid Delver on Aug 24, 2020.
             Slain by a centaur (2 damage)
             ... on level 5 of the Dungeon.
             The game lasted 00:07:56 (1155 turns).

Fingolfin the Sneak (Formicid Delver)               Turns: 1155, Time: 00:07:56

Health: 0/41       AC:  6    Str: 17    XL:     5   Next: 94%
Magic:  0/5        EV:  8    Int: 10    God:
Gold:   76         SH:  7    Dex: 12    Spells: 4/4 levels left

rFire    . . .     SeeInvis +   a - +0 hand axe
rCold    . . .     Faith    .   l - +0 kite shield
rNeg     . . .     Spirit   +   m - +0 ring mail
rPois    .         Reflect  .   (helmet unavailable)
rElec    .         Harm     .   i - +0 cloak
rCorr    .                      (no gloves)
MR       .....                  (no boots)
Stlth    ++........             h - amulet of guardian spirit
HPRegen  0.13/turn              (no ring)
MPRegen  0.09/turn              (no ring)

@: lethally poisoned (0 -> -1)
A: permanent stasis, dig shafts and tunnels, four strong arms, antennae 3
a: Dig, Shaft Self


You were on level 5 of the Dungeon.
You visited 1 branch of the dungeon, and saw 1 of its levels.

You collected 76 gold pieces.

Inventory:

Hand Weapons
 a - a +0 hand axe (weapon)
 b - a +0 shortbow
Missiles
 j - 22 arrows
Armour
 i - a +0 cloak (worn)
 l - a +0 kite shield (worn)
 m - a +0 ring mail (worn)
Jewellery
 g - an uncursed ring of fire
 h - an amulet of guardian spirit (around neck)
Wands
 f - a wand of digging (3)
Scrolls
 c - a scroll of fog
 d - a scroll of magic mapping
 e - a scroll of fear
Potions
 k - a potion of flight {unknown}
 n - a potion of curing {unknown}


   Skills:
 - Level 3.2 Fighting
 + Level 5.7 Axes
 - Level 1.7 Dodging
 - Level 6.0 Stealth


You had 4 spell levels left.
You didn't know any spells.
Your spell library was empty.

Dungeon Overview and Level Annotations

Branches:
Dungeon (5/15)
 Temple: D:4-7

Altars:
Dithmenos
Xom


Innate Abilities, Weirdness & Mutations

You cannot be hasted, slowed, berserked, paralysed or teleported.
You can dig through walls and to a lower floor.
Your four strong arms can wield two-handed weapons with a shield.
You have a pair of large antennae on your head. (SInv)


Message History

You closely miss the centaur.
The centaur is severely wounded.
The centaur closely misses you. The centaur barely misses you.
You hit the centaur but do no damage.
The centaur is severely wounded.
You feel sick. The centaur hits you.
* * * LOW HITPOINT WARNING * * *
The centaur hits you!
* * * LOW HITPOINT WARNING * * *
You closely miss the centaur.
The centaur is severely wounded.
The centaur hits you.
* * * LOW HITPOINT WARNING * * *
You barely miss the centaur.
The centaur is severely wounded.
You block the centaur's attack. The centaur closely misses you.
You barely miss the centaur.
The centaur is severely wounded.
You block the centaur's attack. The centaur hits you.
You die...

..# ####....#### #...#
.## #..........# #.....
.# #.##.......##......
.#####.##...._..#.......
...............('.......
.....#.##.......#c......
.###.#........##.#......
.#.#.####.#####c###.....
#)##.# #.# ##@# #...#
####.# #.# ### #+## #.#
#.# ..# #.# ### #.# #.#
#.# #.#


You could see a centaur.

Vanquished Creatures
  A centaur (D:5)
  A bullfrog (D:5)
  2 gnolls (D:5)
  2 adders (D:5)
  An orc (D:5)
7 creatures vanquished.

Notes
Turn   | Place    | Note
-------+----------+-------------------------------------------
     0 | D:5      | Fingolfin the Formicid Delver began the quest for the Orb.
     0 | D:5      | Reached XP level 1. HP: 18/18 MP: 1/1
    15 | D:5      | Found a shadowy altar of Dithmenos.
    34 | D:5      | Noticed a bullfrog
    45 | D:5      | Noticed an ogre
    61 | D:5      | Reached XP level 2. HP: 12/24 MP: 2/2
   425 | D:5      | Killed a bullfrog
   425 | D:5      | Reached XP level 3. HP: 14/29 MP: 1/3
   425 | D:5      | Reached XP level 4. HP: 17/35 MP: 1/4
   610 | D:5      | Found a shimmering altar of Xom.
   623 | D:5      | Noticed a gnoll sergeant
   673 | D:5      | Noticed an ogre
   770 | D:5      | Noticed a centaur
   789 | D:5      | Killed a centaur
   789 | D:5      | Reached skill level 5 in Axes
   789 | D:5      | Reached XP level 5. HP: 12/41 MP: 2/5
  1117 | D:5      | Noticed a centaur
  1153 | D:5      | HP: 2/41 [centaur (2)]
  1155 | D:5      | Slain by a centaur

Illustrated notes

Levels and vault maps discovered:
D:5:      layout_loops_corners, nicolae_dithmenos_shadow_blocks,
          xom_teletrap_fun

Skill      XL: |  1  2  3  4 |
---------------+-------------+-----
Axes           | 4 5 |  5.7
Fighting       | |  3.2
Dodging        | |  1.7
Stealth        | |  6.0

Action                   |  1- 3 |  4- 6 || total
-------------------------+-------+-------++-------
Melee: Hand axe          |    13 |    57 ||    70
 Abil: Dig               |     4 |     2 ||     6
  Use: Potion            |     1 |     1 ||     2
 Stab: Sleeping          |       |     1 ||     1
Armor: Leather armour    |     3 |       ||     3
       Ring mail         |       |    17 ||    17
Dodge: Dodged            |    10 |    30 ||    40
Block: Kite shield       |       |    23 ||    23

Table legend: (Time is in decaauts)
 A = Elapsed time spent in this place.
 B = Non-inter-level travel time spent in this place.
 C = Inter-level travel time spent in this place.
 D = Time resting spent in this place.
 E = Time spent auto-exploring this place.
 F = Levels seen in this place.
 G = Mean time per level.
                   A        B        C        D        E       F      G
               +--------+--------+--------+--------+--------+-----+--------+
         Total |   1165 |   1165 |      0 |    587 |     34 |   1 | 1165.0 |
       Dungeon |   1165 |   1165 |      0 |    587 |     34 |   1 | 1165.0 |
               +--------+--------+--------+--------+--------+-----+--------+

Top non-repeatable levels by time:
     D:5: 1165 daAuts
